 Dungeon Crawl Stone Soup version 0.18-a0-846-g91b95b1 (webtiles) character file.

41 tof the Ogre Mage (level 3, 0/33 HPs)
             Began as an Ogre Fire Elementalist on Dec 20, 2015.
             Succumbed to a worker ant's poison
             ... on level 1 of the Dungeon.
             The game lasted 00:04:14 (1400 turns).

tof the Ogre Mage (Ogre Fire Elementalist)          Turns: 1400, Time: 00:04:14

Health: 0/33       AC:  3    Str: 13    XL:     3   Next: 52%
Magic:  3/6        EV: 16    Int: 14    God:
Gold:   49         SH:  0    Dex: 16    Spells: 1 memorised, 6 levels left

rFire  . . .     SeeInvis .     g - +1 club
rCold  . . .     Gourm    .     a - +0 robe
rNeg   . . .     Faith    .     (no shield)
rPois  .         Spirit   .     (helmet restricted)
rElec  .         Dismiss  .     (no cloak)
rCorr  .         Reflect  .     (gloves unavailable)
SustAt .         Harm     .     (boots unavailable)
MR     .....                    (no amulet)
Stlth  +++.......               (no ring)
                                e - ring of flight

@: agile, lethally poisoned (0 -> -8), not resistant to hostile enchantments,
fairly stealthy
A: unfitting armour, tough skin 1
a: Evoke Flight


You were on level 1 of the Dungeon.
You were not hungry.

You visited 1 branch of the dungeon, and saw 1 of its levels.

You collected 49 gold pieces.

Inventory:

Hand Weapons
 g - a +1 club (weapon)
Armour
 a - a +0 robe (worn)
Jewellery
 e - a ring of flight (left hand)
Scrolls
 h - a scroll of teleportation {unknown}
 k - a scroll of identify {unknown}
Books
 b - a book of Flames

   Spells                             Type                      Level
   a - Flame Tongue                   Conjuration/Fire             1
   b - Throw Flame                    Conjuration/Fire             2
   c - Conjure Flame                  Conjuration/Fire             3
   d - Inner Flame                    Hexes/Fire                   3
   e - Sticky Flame                   Conjuration/Fire             4
   f - Fireball                       Conjuration/Fire             5
Comestibles
 c - a bread ration
 i - a chunk of flesh


   Skills:
 + Level 1.1 Fighting
 + Level 1.0 Maces & Flails
 + Level 2.4 Dodging
 + Level 1.7 Stealth
 + Level 2.5 Spellcasting
 + Level 0.7 Conjurations
 + Level 2.5 Fire Magic


You had 6 spell levels left.
You knew the following spells:

 Your Spells              Type           Power        Failure   Level  Hunger
a - Flame Tongue          Conj/Fire      #....        14%         1    #......


Dungeon Overview and Level Annotations

Branches:
Dungeon (1/15)

Altars:


Innate Abilities, Weirdness & Mutations

You are too large for most types of armour.
You have tough skin (AC +1).


Message History

Increase (S)trength, (I)ntelligence, or (D)exterity?
You feel agile.
You feel stronger.
* * * LOW HITPOINT WARNING * * *
You feel sick.
Drink which item? (? for menu, Esc to quit)
It was a potion of agility.
You feel agile all of a sudden.
* * * LOW HITPOINT WARNING * * *
You feel sick.
You aren't carrying any potions.
Read which item? (? for menu, Esc to quit)
As you read the scroll labeled KOTHAFEECI, it crumbles to dust.
It is a scroll of enchant weapon.
Enchant which weapon? (? for menu, Esc to quit)
Your +0 club glows red for a moment.
Read which item? (? for menu, Esc to quit)
As you read the scroll labeled LUOFIU CYATT, it crumbles to dust.
You assume a fearsome visage.
Nothing appears to happen.
It was a scroll of fear.
You die...

...#...#.#######♣♣#
###........
...#.#.#.......#
#.....##...
...#.........#.#
#......#...
...#...#####.#.#
#......#...
####...#####.#.#
#......#... #
#.........#.#
#......#... #
#..#####..#.#
#......#... ####..#
#..#.### #......#..#
......#
#..#..@######......#..#
#####.#
#..#.............#.#..#
#.#
#..#.#.#########.#.#..#
#.#####..#.#....#
#.#.#...
#........#.####.#
#.#.##..
########.#.####.#
#.#.#### #.#......#
#.#.....
#.#############.######
#...............#


There were no monsters in sight!

Vanquished Creatures
  A worker ant (D:1)
  A giant gecko (D:1)
  A giant cockroach (D:1)
  2 hobgoblins (D:1)
  6 bats (D:1)
  3 giant newts (D:1)
  3 goblins (D:1)
  3 rats (D:1)
20 creatures vanquished.

Notes
Turn   | Place    | Note
--------------------------------------------------------------
     0 | D:1      | tof the Ogre Fire Elementalist began the quest for the Orb.
     0 | D:1      | Reached XP level 1. HP: 16/16 MP: 3/3
   647 | D:1      | Reached XP level 2. HP: 18/24 MP: 3/5
  1397 | D:1      | Reached skill level 1 in Fighting
  1397 | D:1      | Reached skill level 1 in Maces & Flails
  1397 | D:1      | Reached XP level 3. HP: 3/33 MP: 3/6
  1398 | D:1      | HP: 1/33 [poisoned by a worker ant]
  1400 | D:1      | Succumbed to a worker ant's poison

Vault maps used:
D:1:      sevenhm_arrival_forest_fort_large_3

Action                   || total
-------------------------++-------
Melee: Club              ||    53
       Unarmed           ||    13
 Cast: Flame Tongue      ||    13
  Use: Scroll            ||     2
       Potion            ||     1
  Eat: Chunk             ||     2
